AoeStats
← RDA Ronan

Arabia

508522999Analyzed
4v4 RM · 9d ago on Sep 22, 2026· 44m 37s· 8 players
Game mode
Random Map
Map size
Large (8 player)
Population
200
Speed
Normal
Resources
Standard
Victory
Conquest
Starting age
Dark Age
Ending age
Imperial Age
RankedLock teamsTeams togetherTeam positionsShared explorationLock speedFull tech treeHidden civsTurbo modeCheats
Victory
Defeat
🇲🇽 Danes · Mexico
1481
+7
🇦🇷 Varangians · Argentina
1342
+11
🇦🇷 Persians · Argentina
1225
+16
🇦🇷 Saxons · Argentina
1195
+16
🇩🇪 Saxons · Germany
1248
-13
🇻🇪 Maya · Venezuela
1242
-13
🇸🇪 Magyars · Sweden
1241
-13
🇩🇪 Varangians · Germany
1187
-11
Todas Mienten
0:30 Loom
9:32 Feudal Age
10:32 Man-at-Arms
12:04 Double-Bit Axe
15:34 Scale Mail Armor
16:26 Town Watch
19:19 Wheelbarrow
19:45 Fletching
20:49 Padded Archer Armor
21:48 Forging
26:52 Castle Age
29:00 Gold Mining
29:20 Bow Saw
28:51 Horse Collar
29:03 Stone Mining
28:56 Crossbowman
30:30 Bodkin Arrow
34:20 Ballistics
39:09 Pikeman
BondTrustee
7:47 Loom
9:32 Feudal Age
20:05 Fletching
21:39 Padded Archer Armor
23:55 Wheelbarrow
23:23 Double-Bit Axe
29:56 Castle Age
30:03 Crossbowman
30:42 Bodkin Arrow
37:52 Leather Archer Armor
39:14 Gold Mining
39:42 Bow Saw
39:57 Horse Collar
41:04 Gold Shaft Mining
41:12 Heavy Plow
Starmari
11:40 Feudal Age
15:11 Castle Age
13:44 Double-Bit Axe
15:07 Loom
16:24 Forging
21:26 Bow Saw
22:04 Wheelbarrow
25:44 Scale Mail Armor
27:35 Bloodlines
BIZZ9 | Zerkanoo
4:36 Loom
10:18 Feudal Age
12:26 Bloodlines
17:42 Double-Bit Axe
21:25 Scale Barding Armor
23:58 Horse Collar
33:59 Wheelbarrow
[GDL] Zuko
6:45 Loom
9:14 Feudal Age
9:18 Man-at-Arms
9:44 Double-Bit Axe
9:53 Arson
13:27 Scale Mail Armor
14:34 Forging
17:19 Horse Collar
21:31 Castle Age
20:08 Gold Mining
22:38 Chain Mail Armor
22:13 Long Swordsman
22:39 Gambesons
23:26 Squires
34:36 Wheelbarrow
33:46 Town Watch
33:46 Hamask
37:30 Bow Saw
37:34 Heavy Plow
39:32 Gold Shaft Mining
39:46 Stone Mining
43:26 Imperial Age
43:33 Elite Jomsviking
44:51 Plate Mail Armor
44:56 Iron Casting
45:07 Conscription
Rocker_
6:24 Loom
9:03 Feudal Age
9:38 Double-Bit Axe
9:59 Horse Collar
17:45 Wheelbarrow
20:10 Castle Age
19:17 Bloodlines
19:01 Gold Mining
21:02 Scale Barding Armor
21:58 Bow Saw
23:10 Forging
26:59 Chain Barding Armor
30:24 Iron Casting
30:48 Husbandry
35:47 Wheelbarrow
37:54 Imperial Age
36:14 Stone Mining
37:26 Heavy Plow
37:44 Hand Cart
38:12 Cavalier
39:31 Plate Barding Armor
41:12 Blast Furnace
RDA Ronan
6:23 Loom
8:34 Feudal Age
9:32 Double-Bit Axe
12:25 Horse Collar
15:39 Forging
16:34 Gold Mining
17:48 Scale Barding Armor
22:07 Castle Age
21:09 Bloodlines
22:05 Wheelbarrow
22:36 Husbandry
24:17 Bow Saw
25:10 Town Watch
27:01 Chain Barding Armor
28:11 Iron Casting
30:03 Hand Cart
29:41 Stone Mining
30:57 Gold Shaft Mining
32:00 Heavy Plow
33:45 Town Patrol
37:30 Imperial Age
37:16 Stone Shaft Mining
37:35 Cavalier
38:51 Plate Barding Armor
38:39 Conscription
40:18 Blast Furnace
39:03 Savar
43:06 Coinage
45:06 Guilds
RDA Ghosti
5:39 Loom
8:56 Feudal Age
10:30 Double-Bit Axe
13:22 Fletching
14:28 Man-at-Arms
23:55 Padded Archer Armor
35:22 Wheelbarrow
38:03 Castle Age
37:09 Scale Mail Armor
37:20 Forging
37:48 Gold Mining
41:23 Chain Mail Armor
41:43 Iron Casting
43:06 Iron Casting
43:47 Bodkin Arrow
Connection lost

Rejoining the realm…

Still unreachable

The connection could not be restored.

Session expired

The server has moved on; the page needs a fresh start.